 Dungeon Crawl Stone Soup version 0.28.0-53-g5a82cb258f (webtiles) character file.

Game seed: 11185422045878025482

327 safid the Chopper (level 6, 0/52 HPs)
             Began as a Hill Orc Fighter on Aug 21, 2022.
             Slain by an ogre
             ... wielding a +0 giant club
              (7 damage)
             ... on level 4 of the Dungeon.
             The game lasted 00:04:21 (3568 turns).

safid the Chopper (Hill Orc Fighter)                Turns: 3568, Time: 00:04:22

Health: 0/52       AC:  8    Str: 21    XL:     6   Next: 50%
Magic:  6/6        EV:  9    Int:  8    God:
Gold:   130        SH:  4    Dex: 10    Spells: 5/5 levels left

rFire   . . .      SeeInvis .   a - +0 war axe
rCold   . . .      Faith    .   c - +0 buckler
rNeg    . . .      Spirit   .   b - +0 scale mail
rPois   .          Reflect  .   (no helmet)
rElec   .          Harm     .   (no cloak)
rCorr   .          Rampage  .   (no gloves)
Will    .....                   k - +0 pair of boots
Stlth   ..........              (no amulet)
HPRegen 0.17/turn               (no ring)
MPRegen 0.10/turn               (no ring)

@: no status effects
A: no striking features
a: no special abilities


You were on level 4 of the Dungeon.
You visited 1 branch of the dungeon, and saw 4 of its levels.

You collected 130 gold pieces.

Inventory:

Hand Weapons
 a - a +0 war axe (weapon)
Armour
 b - a +0 scale mail (worn)
 c - a +0 buckler (worn)
 k - a +0 pair of boots (worn)
Wands
 n - a wand of paralysis (9)
Scrolls
 f - 2 scrolls of teleportation {unknown}
 h - 2 scrolls of summoning {unknown}
 i - 3 scrolls of identify {unknown}
 l - a scroll of noise {unknown}
 m - a scroll of holy word {unknown}
 o - a scroll of fog {unknown}
Potions
 d - 3 potions of might
 e - a potion of degeneration {unknown}
 g - a potion of curing {unknown}
 j - a potion of brilliance {unknown}
 q - a potion of ambrosia {unknown}


   Skills:
 - Level 4.0 Fighting
 + Level 7.7 Axes
 - Level 4.0 Armour
 - Level 4.0 Shields


You had 5 spell levels left.
You didn't know any spells.
Your spell library was empty.

Dungeon Overview and Level Annotations

Branches:
Dungeon (4/15)
 Temple: D:4-7

Altars:


Message History

Unknown command.
The ogre hits you with a +0 giant spiked club!!
You see here 15 gold pieces.
You hit the ogre.
The ogre is lightly wounded.
You hit the hound skeleton but do no damage.
The hound skeleton bites you but does no damage.
The ogre hits you with a +0 giant spiked club!!
Ouch! That really hurt!
* * * LOW HITPOINT WARNING * * *
The hound skeleton barely misses you.
Unknown command.
You slash the hound skeleton!
The hound skeleton is severely damaged.
The hound skeleton closely misses you.
The hound skeleton bites you but does no damage.
The hound skeleton closely misses you. You block the hound skeleton's attack.
The hound skeleton barely misses you.
The hound skeleton bites you but does no damage.
The hound skeleton barely misses you. You block the hound skeleton's attack.
You block the hound skeleton's attack. The hound skeleton closely misses you.
The ogre shouts!
The hound skeleton bites you. The ogre hits you with a +0 giant club!
* * * LOW HITPOINT WARNING * * *
Unknown command.
You slash the ogre!
The ogre is heavily wounded.
You hit the hound skeleton.
The hound skeleton bites you but does no damage.
You block the hound skeleton's attack. The ogre barely misses you.
Unknown command.
You barely miss the ogre.
The ogre is heavily wounded.
You hit the hound skeleton.
You destroy the hound skeleton!
The ogre hits you with a +0 giant club!
You die...

......#.#
......#.#
......#.########
......#.#..O...#
......#.#.####.#
........#.# #O#
........#.# #.#
........#O#
#.#######
#######.#.#
#.O@O..<# ###
#.#.# #########
..# #.#.# ..#
#.#.# ..# #.#.#
..# #.#.# ..#
#.#.# ..# #.#.#
..# #.#.#


You could see 2 ogres.

Vanquished Creatures
  A phantom (D:4)
  A scorpion (D:4)
  A bullfrog (D:3)
  A jelly (D:4)
  2 hound skeletons (D:4)
  An adder (D:3)
  2 worms
  2 dart slugs
  2 orcs
  4 endoplasms
  2 giant cockroaches
  8 goblins
  3 hobgoblins
  4 quokkas
  10 ball pythons
  4 bats (D:3)
  3 frilled lizards
  9 kobolds
  6 rats
66 creatures vanquished.

Notes
Turn   | Place    | Note
-------+----------+-------------------------------------------
     0 | D:1      | safid the Hill Orc Fighter began the quest for the Orb.
     0 | D:1      | Reached XP level 1. HP: 19/19 MP: 1/1
   167 | D:1      | Reached XP level 2. HP: 27/27 MP: 2/2
   181 | D:1      | Reached skill level 3 in Axes
   405 | D:1      | You fall into a shaft and drop 1 floor!
   865 | D:2      | Reached XP level 3. HP: 33/33 MP: 3/3
  1113 | D:2      | Found a faded altar of an unknown god.
  1425 | D:3      | Noticed a bullfrog
  1433 | D:3      | Killed a bullfrog
  1434 | D:3      | Reached skill level 5 in Axes
  1434 | D:3      | Reached XP level 4. HP: 18/40 MP: 4/4
  1710 | D:3      | Reached XP level 5. HP: 38/46 MP: 5/5
  2625 | D:4      | Noticed a phantom
  2648 | D:4      | Killed a phantom
  2649 | D:4      | Reached skill level 6 in Axes
  2671 | D:4      | Reached XP level 6. HP: 14/52 MP: 6/6
  3062 | D:4      | Reached skill level 7 in Axes
  3568 | D:4      | Slain by an ogre

Illustrated notes

Levels and vault maps discovered:
D:1:      mushboom_english_gardens, layout_loops_ring
D:2:      layout_rooms, chequers_ecumenical_altar_grove
D:3:      layout_loops_ring
D:4:      minmay_evil_eye, layout_basic

Skill      XL: |  1  2  3  4  5  6 |
---------------+-------------------+-----
Axes           | 3 5 6 7 |  7.7
Fighting       | 4 |  4.0
Armour         | 4 |  4.0
Shields        | 4 |  4.0

Action                   |  1- 3 |  4- 6 || total
-------------------------+-------+-------++-------
Melee: War axe           |   110 |   106 ||   216
Throw: Throwing net      |       |     1 ||     1
Armor: Scale mail        |    55 |    56 ||   111
Dodge: Dodged            |    59 |    67 ||   126
Block: Buckler           |    19 |    25 ||    44
